 Dungeon Crawl Stone Soup version 0.30-a0-924-g0ad0bf95bc (webtiles) character file.

Game seed: 9632863708324482355

11350 Pimp the Geomancer (level 11, -3/91 HPs)
             Began as a Grey Draconian Earth Elementalist on Mar 22, 2023.
             Was a High Priest of Vehumet.
             Killed from afar by a vampire (10 damage)
             ... with an iceblast
             ... on level 11 of the Dungeon.
             The game lasted 00:55:30 (13354 turns).

Pimp the Geomancer (DrEE)                          Turns: 13354, Time: 00:55:30

Health: -3/91      AC: 15    Str: 10    XL:     11   Next: 48%
Magic:  23/23      EV: 24    Int: 18    God:    Vehumet [*****.]
Gold:   604        SH:  6    Dex: 14    Spells: 13/26 levels left

rFire   . . .      SeeInvis .    z - +2 falchion
rCold   . . .      Faith    +    v - +1 buckler
rNeg    . . .      Spirit   .    (body armour unavailable)
rPois   .          Reflect  .    (helmet restricted)
rElec   .          Rampage  .    (no cloak)
rCorr   .                        r - +2 pair of gloves
Will    .....                    (no boots)
Stlth   +++                      n - amulet of faith
HPRegen 0.35/turn                h - +5 ring of evasion
MPRegen 0.18/turn                j - +5 ring of evasion

@: brilliant, about to teleport, wereblooded (expiring)
A: AC +12, amphibious, unfitting armour, cold-blooded
a: Renounce Religion


You were on level 11 of the Dungeon.
You worshipped Vehumet.
Vehumet was extremely pleased with you.
You visited 1 branch of the dungeon, and saw 12 of its levels.
You also visited: Ice Cave.

You collected 604 gold pieces.

Inventory:

Hand Weapons
 b - a +2 dagger of protection
 d - a +0 falchion
 w - a +4 dagger
 z - a +2 falchion (weapon)
Armour
 r - a +2 pair of gloves (worn)
 v - a +1 buckler (worn)
Jewellery
 h - a +5 ring of evasion (left hand)
 j - a +5 ring of evasion (right hand)
 l - a ring of positive energy
 n - an amulet of faith (around neck)
 s - a ring of protection from fire
 y - an amulet of guardian spirit
 D - a ring of resist corrosion
Wands
 c - a wand of digging (3)
 A - a wand of flame (4)
 E - a wand of acid (10) (quivered)
 G - a wand of paralysis (2)
Scrolls
 t - 2 scrolls of immolation
 B - a scroll of amnesia
Potions
 a - a potion of magic
 e - a potion of lignification {unknown}
 f - 4 potions of brilliance
 g - 2 potions of flight
 k - a potion of berserk rage
 m - a potion of degeneration {unknown}
 o - 3 potions of attraction {unknown}
 p - 4 potions of might {unknown}
 q - 2 potions of ambrosia
 u - a potion of resistance {unknown}
 F - 5 potions of mutation {unknown}
 I - a potion of haste {unknown}


   Skills:
 + Level 6.5 Fighting
 - Level 4.7(5.2) Short Blades
 + Level 3.2(4.5) Long Blades
 + Level 6.1 Dodging
 - Level 5.5 Stealth
 - Level 5.5 Shields
 * Level 8.2 Spellcasting
 - Level 3.1 Transmutations
 - Level 1.9 Ice Magic
 * Level 10.9 Earth Magic


You had 13 spell levels left.
You knew the following spells:

 Your Spells              Type           Power      Damage    Failure   Level
a - Sandblast             Erth           100%       2d20      1%          1
b - Freeze                Ice            84%        1d9       1%          1
c - Frozen Ramparts       Ice            42%        1d7       4%          3
d - Wereblood             Tmut           27%        N/A       4%          2
e - Passwall              Tmut/Erth      40%        N/A       1%          2
f - Foxfire               Conj/Fire      44%        2x1d6     3%          1
g - Stone Arrow           Conj/Erth      80%        3d12      1%          3

Your spell library contained the following spells:

 Spells                   Type           Power      Damage    Failure   Level
 Conjure Ball Lightning   Conj/Air       5%         3x3d6     98%         6
 Shock                    Conj/Air       44%        1d5       3%          1
 Ignite Poison            Fire/Tmut/Pois 16%        N/A       7%          3
 Petrify                  Tmut/Erth      49%        N/A       7%          4
 Kindle Blastsparks       Fire/Tloc/Air  22%        2d11      11%         3
 Apportation              Tloc           22%        N/A       12%         1
 Necrotise                Necr           44%        1d6       12%         1
 Slow                     Hex            44%        N/A       12%         1
 Summon Small Mammal      Summ           44%        N/A       12%         1
 Ozocubu's Armour         Ice            21%        N/A       16%         3
 Sublimation of Blood     Necr           11%        N/A       19%         2
 Airstrike                Air            5%         2d(1-17)  30%         4
 Confusing Touch          Hex            11%        N/A       36%         3
 Swiftness                Air            11%        N/A       36%         3
 Vampiric Draining        Necr           11%        2d6       36%         3
 Ice Form                 Ice/Tmut       24%        N/A       38%         4
 Freezing Cloud           Conj/Ice/Air   7%         6-21      52%         5
 Fireball                 Conj/Fire      5%         3d5       61%         5
 Summon Ice Beast         Ice/Summ       16%        N/A       63%         4
 Metabolic Englaciation   Hex/Ice        8%         N/A       92%         5
 Starburst                Conj/Fire      5%         6d4       98%         6
 Simulacrum               Ice/Necr       8%         N/A       100%        6
 Summon Hydra             Summ           5%         N/A       100%        7
 Chain Lightning          Conj/Air       5%         3d7       100%        9
 Fire Storm               Conj/Fire      5%         8d2       100%        9
 Shatter                  Erth           31%        3d26*     100%        9


Dungeon Overview and Level Annotations

Branches:
Dungeon (12/15)            Temple (0/1) D:5            Lair (0/5) D:11
    Orc (0/2) D:12          IceCv (visited)

Altars:
Ashenzari
Cheibriados
Elyvilon
Fedhas
Kikubaaqudgha
Makhleb
Okawaru
Trog
Vehumet

Shops:
D:6 *   D:9 *

Portals:
Trove: D:11 (show abyssal rune of Zot)


Innate Abilities, Weirdness & Mutations

Your dull iron-grey scales are very hard. (AC +12)
You are amphibious.
You cannot fit into any form of body armour.
You are cold-blooded and may be slowed by cold attacks.


Message History

Confirm with . or Enter, or press ? or * to list all spells.
Aiming: Passwall (safe; 1% risk of failure)
Press: ? - help, Dir - move target A rock wall, covered with ice.
You feel a surge of power!
Your frozen ramparts will break if you move.
Continue?
The wall freezes the cyclops but does no damage.
The cyclops completely misses you.
The wall freezes the orc warrior but does no damage.
The wall freezes the orc but does no damage.
The wall freezes the manticore.
You begin to meditate on the wall.
You continue meditating on the rock.
The frozen ramparts melt away.
The manticore closely misses you. The manticore barely misses you.
The manticore completely misses you. The cyclops completely misses you.
You continue meditating on the rock.
The sentinel's mark upon you fades away.
The manticore misses you. x2; You block the manticore's attack.
You finish merging with the rock.
There is a stone staircase leading up here.
You hear a bellow!
You climb upwards.
There is a stone staircase leading down here.
An electric eel is nearby!
Your primal bloodlust is almost over.
The electric eel shoots out a bolt of lightning at you!
The bolt of electricity hits you!
* * * LOW HITPOINT WARNING * * *
You howl as the wereblood boils in your veins!
The vampire zaps a wand.
The mass of ice explodes!
The iceblast engulfs you!
* * * LOW HITPOINT WARNING * * *
As you read the scroll of teleportation, it crumbles to dust.
You feel strangely unstable.
The vampire gestures wildly while chanting.
The vampire flickers and vanishes!
Deactivating autopickup; reactivate with Ctrl-A.
You hear a zap.
An iceblast appears from out of thin air!
The mass of ice explodes!
The iceblast engulfs you!
You die...

.###........# #....
......####### .# #....
......#....# ..# #####
......#....# .. ......#....#
.. ......#....#######'
..∩...#...†#......
......#....#.....#
......#....#....@# .
......'....#.....# ....
......#....#.....####.....
....^.#....#......>......~
......#....#...(.........~
~≈~
..###.#....#............~≈
S≈~
..###.#....#..{####.....~≈≈≈~
~≈S ......#....#...#
......~~≈~.~~≈
......#....'...#
......~≈~~.~.≈


There were no monsters in sight!

Vanquished Creatures
  Nergalle (D:11)
  2 ugly things (D:11)
  5 trolls
  A hornet (D:7)
  Prince Ribbit (D:8)
  A wraith (D:11)
  13 yaks
  A steam dragon (D:8)
  7 vampire mosquitoes
  2 water moccasins
  2 ice beasts
  An orc warrior (D:7)
  2 sky beasts
  3 ogres
  5 black bears
  7 centaurs
  A wolf (D:11)
  A phantom (D:6)
  5 kobold brigands
  3 bullfrogs
  8 scorpions
  A gnoll sergeant (D:9)
  13 wights
  8 killer bees
  4 electric eels
  A howler monkey (D:11)
  4 jellies
  A quasit (D:4)
  A gnoll bouda (D:7)
  3 orc priests
  2 sleepcaps
  9 hounds
  Jessica (D:2)
  Terence (D:2)
  5 iguanas
  5 orc wizards
  A troll simulacrum (IceCv)
  8 gnolls
  8 adders
  3 shadow imps
  3 white imps
  2 ufetubi
  A worm (D:4)
  8 dart slugs
  37 orcs
  5 bats
  7 endoplasms
  6 giant cockroaches
  6 goblins
  7 hobgoblins
  2 jackals (D:1)
  52 kobolds
  6 quokkas
  3 ball pythons
  3 frilled lizards
  2 rats
301 creatures vanquished.

Vanquished Creatures (others)
  13 foxfires (IceCv)
  A fungus (D:12)
  56 plants
70 creatures vanquished.

Grand Total: 371 creatures vanquished

Notes
Turn   | Place    | Note
-------+----------+-------------------------------------------
     0 | D:1      | Pimp the Draconian Earth Elementalist began the quest for
                  | the Orb.
     0 | D:1      | Reached XP level 1. HP: 14/14 MP: 3/3
   112 | D:1      | You fall into a shaft and drop 1 floor!
   144 | D:2      | Reached XP level 2. HP: 20/20 MP: 5/5
   274 | D:2      | Found a radiant altar of Vehumet.
   286 | D:2      | Became a worshipper of Vehumet
   322 | D:2      | Noticed Jessica
   327 | D:2      | Killed Jessica
   328 | D:2      | Reached XP level 3. HP: 26/26 MP: 6/6
   484 | D:2      | Noticed Terence
   491 | D:2      | Killed Terence
   492 | D:2      | Reached XP level 4. HP: 30/33 MP: 2/7
   913 | D:3      | Found a broken altar of Ashenzari.
  1324 | D:1      | Reached * piety under Vehumet
  1324 | D:1      | Offered knowledge of Freeze by Vehumet.
  1330 | D:1      | Learned a level 1 spell: Freeze
  1970 | D:3      | Found a faded altar of an unknown god.
  2214 | D:3      | Noticed a black bear
  2372 | D:3      | Reached XP level 5. HP: 36/38 MP: 6/8
  2810 | D:4      | Noticed an ogre
  2817 | D:4      | Killed an ogre
  2818 | D:4      | Reached skill level 1 in Short Blades
  2825 | D:4      | Reached skill level 1 in Fighting
  2825 | D:4      | Reached skill level 1 in Ice Magic
  2825 | D:4      | Reached XP level 6. HP: 44/47 MP: 2/10
  2976 | D:4      | Reached skill level 4 in Earth Magic
  3063 | D:4      | Offered knowledge of Momentum Strike by Vehumet.
  3106 | D:4      | Reached ** piety under Vehumet
  3277 | D:4      | Noticed an ice beast
  3308 | D:4      | Killed an ice beast
  3309 | D:4      | Your scales start taking on a dull iron-grey colour.
  3309 | D:4      | Reached skill level 5 in Earth Magic
  3309 | D:4      | Reached XP level 7. HP: 51/53 MP: 9/11
  4030 | D:4      | Offered knowledge of Frozen Ramparts by Vehumet.
  4136 | D:4      | Learned a level 3 spell: Frozen Ramparts
  4376 | D:5      | Entered Level 5 of the Dungeon
  4397 | D:5      | Reached skill level 6 in Earth Magic
  4397 | D:5      | Reached XP level 8. HP: 62/62 MP: 11/14
  4612 | D:5      | Reached *** piety under Vehumet
  4685 | D:5      | Found a staircase to the Ecumenical Temple.
  5120 | D:5      | Offered knowledge of Airstrike by Vehumet.
  5145 | D:5      | Reached skill level 1 in Shields
  5752 | D:6      | Found Luzeu's General Store.
  6080 | D:6      | Found a blossoming altar of Fedhas.
  6080 | D:6      | Found an iron altar of Okawaru.
  6101 | D:6      | Found an ancient bone altar of Kikubaaqudgha.
  6103 | D:6      | Found a faded altar of an unknown god.
  6104 | D:6      | Found a bloodstained altar of Trog.
  6264 | D:6      | Reached skill level 7 in Earth Magic
  6347 | D:6      | Reached skill level 5 in Spellcasting
  6353 | D:6      | Reached XP level 9. HP: 65/71 MP: 10/16
  6653 | D:6      | Learned a level 2 spell: Wereblood
  6990 | D:7      | Reached **** piety under Vehumet
  7100 | D:7      | Offered knowledge of Plasma Beam by Vehumet.
  7281 | D:7      | Paralysed by a hornet for 1 turns
  7582 | D:7      | Reached skill level 8 in Earth Magic
  7587 | D:7      | Reached skill level 5 in Stealth
  8247 | D:7      | Reached XP level 10. HP: 80/80 MP: 17/19
  8542 | D:8      | Reached ***** piety under Vehumet
  8637 | D:8      | Offered knowledge of Iskenderun's Mystic Blast by Vehumet.
  8652 | D:8      | Noticed Prince Ribbit
  8680 | D:8      | Killed Prince Ribbit
  8728 | D:8      | Reached skill level 5 in Fighting
  8728 | D:8      | Reached skill level 5 in Shields
  9553 | D:9      | Learned a level 2 spell: Passwall
  9567 | D:9      | Reached skill level 5 in Dodging
  9588 | D:9      | Reached skill level 9 in Earth Magic
  9795 | D:9      | Found Jonydeus's Mass Market.
 10444 | D:9      | Found a snail-covered altar of Cheibriados.
 10446 | D:9      | Found a burning altar of Makhleb.
 10491 | D:9      | Reached skill level 1 in Long Blades
 10946 | D:10     | Entered Level 10 of the Dungeon
 11060 | D:10     | Found a white marble altar of Elyvilon.
 11746 | D:11     | Noticed Nergalle
 11770 | D:11     | Killed Nergalle
 11771 | D:11     | Reached skill level 10 in Earth Magic
 11771 | D:11     | Reached XP level 11. HP: 86/89 MP: 10/22
 12171 | D:11     | Offered knowledge of Conjure Ball Lightning by Vehumet.
 12294 | D:11     | Noticed a cyan ugly thing
 12312 | D:11     | Killed a cyan ugly thing
 12362 | D:11     | Found a portal to a secret trove of treasure.
 12380 | D:11     | Found a frozen archway.
 12390 | IceCv    | Entered an ice cave
 12394 | IceCv    | Learned a level 1 spell: Foxfire
 12430 | D:11     | Found a staircase to the Lair.
 12439 | D:11     | HP: 4/89 [hound (4)]
 12819 | D:11     | Noticed a cyan ugly thing
 12844 | D:11     | Killed a cyan ugly thing
 13035 | D:11     | Learned a level 3 spell: Stone Arrow
 13319 | D:12     | Found a staircase to the Orcish Mines.
 13354 | D:11     | Killed from afar by a vampire

Illustrated notes

Levels and vault maps discovered:
D:1:      saegor_arrival_simple_a, layout_loops_cross, lexackson_kobold_supper
D:2:      layout_basic, basic_altar, uniq_terence, uniq_jessica
D:3:      layout_loops_ring, general_overflow_altar,
          dreamdust_ecumenical_altar_hidden_monk_grotto, lightli_corner_chamber
D:4:      layout_basic, serial_demonic, serial_demonic_a, serial_demonic_g,
          serial_demonic_a, serial_demonic_e, nrook_campfire,
          serial_bayou_pond_b, minmay_misc_feat_more_columns, st_stairs_4,
          serial_bayou_lagoon_a, corner_web_ring, minmay_mini_jars
D:5:      kennysheep_kobold_camp, layout_basic, minmay_temple_entry_wispy,
          serial_bayou_lake_a
D:6:      layout_cave_pods, chequers_temple_overflow_minitemple, serial_shops,
          nicolae_stop_n_shop_2, kennysheep_generic_room_6
D:7:      layout_rooms, palyth_stone_intersect, chequers_arboretum,
          grunt_ministairs_7, st_stairs_12, patterned_corridor
D:8:      hellmonk_destroyed_diamonds, layout_basic, serial_park_tiny_pond,
          uniq_prince_ribbit1
D:9:      layout_basic, chequers_temple_overflow_statue_of_worship,
          nicolae_eternal_life, minmay_shop_mass, billiards_dpeg
D:10:     layout_basic, elyvilon_altar_5, dk_noncrumbling_3
D:11:     layout_stronghold, erik_lair_island, portal_ice_cave_entry_pillars_1,
          enter_trove_1, uniq_nergalle, uniq_grum
D:12:     kennysheep_snake, layout_basic, david_orc_5, ebering_ghost_gozag,
          fungi_pond_lemuel, grunt_ogre_cave

Skill      XL: |  1  2  3  4  5  6  7  8  9 10 11 |
---------------+----------------------------------+-----
Stealth        | 2 3 4 5 |  5.5
Dodging        | 2 3 4 5 6 |  6.1
Transmutations | 2 3 |  3.1
Short Blades   | 1 2 3 4 |  4.7
Fighting       | 1 2 3 4 6 |  6.5
Ice Magic      | 1 |  1.9
Spellcasting   | 3 4 5 6 7 8 |  8.2
Earth Magic    | 5 6 7 8 10 | 10.9
Shields        | 2 4 5 |  5.5
Long Blades    | 2 3 |  3.2

Action                     |  1- 3 |  4- 6 |  7- 9 | 10-12 || total
---------------------------+-------+-------+-------+-------++-------
  Melee: Dagger            |    35 |   125 |   138 |       ||   298
         Tailslap          |     2 |     8 |    37 |    72 ||   119
         Punch             |     1 |     1 |       |       ||     2
         Falchion          |       |       |    56 |   300 ||   356
   Cast: Sandblast         |     9 |    80 |   203 |   101 ||   393
         Freeze            |       |       |    12 |    23 ||    35
         Frozen Ramparts   |       |       |     5 |    38 ||    43
         Wereblood         |       |       |     1 |     5 ||     6
         Stone Arrow       |       |       |       |    10 ||    10
         Foxfire           |       |       |       |     8 ||     8
         Passwall          |       |       |       |     1 ||     1
  Evoke: Wand              |       |       |       |     2 ||     2
    Use: Scroll            |       |     8 |     6 |    11 ||    25
         Potion            |       |     2 |     2 |    11 ||    15
   Stab: Sleeping          |     1 |     5 |     6 |     5 ||    17
         Invisible         |       |     2 |     2 |       ||     4
 Armour: Skin              |    10 |    87 |    79 |   128 ||   304
  Dodge: Dodged            |    27 |   209 |   368 |   578 ||  1182
  Block: Buckler           |       |       |    81 |   178 ||   259

Table legend: (Time is in decaauts)
 A = Elapsed time spent in this place.
 B = Non-inter-level travel time spent in this place.
 C = Inter-level travel time spent in this place.
 D = Time resting spent in this place.
 E = Time spent auto-exploring this place.
 F = Levels seen in this place.
 G = Mean time per level.
                   A        B        C        D        E       F      G
               +--------+--------+--------+--------+--------+-----+--------+
         Total |  13625 |  12937 |    688 |   3196 |   6639 |  13 | 1048.1 |
       Dungeon |  13584 |  12896 |    688 |   3196 |   6639 |  12 | 1132.0 |
      Ice Cave |     41 |     41 |      0 |      0 |      0 |   1 |   41.0 |
               +--------+--------+--------+--------+--------+-----+--------+

Top non-repeatable levels by time:
     D:4: 1608 daAuts
     D:9: 1552 daAuts
     D:7: 1547 daAuts
    D:11: 1460 daAuts
     D:5: 1401 daAuts
     D:6: 1302 daAuts
     D:3: 1049 daAuts
     D:1: 993 daAuts
     D:8: 918 daAuts
    D:10: 806 daAuts
     D:2: 784 daAuts
    D:12: 159 daAuts
   IceCv: 41 daAuts
